 Dungeon Crawl Stone Soup version 0.26-a0-67-g850bfe61e3 (webtiles) character file.

Game seed: 16060915352813843119

257 conein the Charmwright (level 6, -1/48 HPs)
             Began as a Barachi Skald on June 12, 2020.
             Slain by an iguana (12 damage)
             ... on level 4 of the Dungeon.
             The game lasted 00:13:34 (4603 turns).

conein the Charmwright (Barachi Skald)              Turns: 4603, Time: 00:13:34

Health: -1/48      AC:  4    Str: 12    XL:     6   Next: 16%
Magic:  1/10       EV: 13    Int: 13    God:
Gold:   86         SH:  0    Dex: 14    Spells: 5/10 levels left

rFire    . . .     SeeInvis +   a - +0 falchion
rCold    . . .     Gourm    .   (no shield)
rNeg     . . .     Faith    .   b - +0 leather armour
rPois    .         Spirit   .   (no helmet)
rElec    .         Reflect  .   (no cloak)
rCorr    .         Harm     .   m - +0 pair of gloves
MR       .....                  (no boots)
Stlth    +.........             (no amulet)
HPRegen  0.16/turn              j - ring of see invisible
MPRegen  0.12/turn              (no ring)

@: brilliant, infused, very slightly contaminated, slow
A: +LOS, swims, slowness 1, strong legs 1
a: Hop


You were on level 4 of the Dungeon.
You were hungry.

You visited 1 branch of the dungeon, and saw 4 of its levels.

You collected 86 gold pieces.

Inventory:

Hand Weapons
 a - a +0 falchion (weapon)
Armour
 b - a +0 leather armour (worn)
 m - a +0 pair of gloves (worn)
Jewellery
 j - a ring of see invisible (left hand)
Scrolls
 e - a scroll of noise {unknown}
 f - a scroll of fear
 h - 3 scrolls of remove curse {unknown}
 i - 2 scrolls of amnesia
 k - 2 scrolls of blinking {unknown}
 l - 3 scrolls of teleportation {unknown}
Potions
 n - 4 potions of brilliance
 o - a potion of berserk rage {unknown}
 p - a potion of mutation {unknown}
Comestibles
 d - 2 rations


   Skills:
 + Level 4.0 Fighting
 + Level 4.2 Long Blades
 - Level 1.2 Armour
 + Level 3.8 Dodging
 + Level 2.7 Spellcasting
 - Level 4.5 Charms


You had 5 spell levels left.
You knew the following spells:

 Your Spells              Type           Power        Failure   Level  Hunger
a - Infusion              Chrm           ###.         4%          1    None
b - Shroud of Golubria    Chrm/Tloc      ##....       19%         2    None
c - Song of Slaying       Chrm           ###.....     7%          2    None

Your spell library contained the following spells:

 Spells                   Type           Power        Failure   Level  Hunger
 Ozocubu's Armour         Chrm/Ice       ##......     34%         3    None
 Spectral Weapon          Hex/Chrm       ##......     34%         3    None


Dungeon Overview and Level Annotations

Branches:
Dungeon (4/15)
 Temple: D:4-7

Altars:
Kikubaaqudgha
Okawaru
Sif Muna
Yredelemnul
The Shining One

Shops:
D:4 =

Annotations:
D:3 1 runed translucent door, coffeespoons's ghost, amateur MfVM


Innate Abilities, Weirdness & Mutations

You can be seen from farther away. (+LOS)
You can swim through water.
You cover ground slowly.
You can hop short distances.


Message History

You aren't carrying any items that you can evoke.
Okay, then.
You feel clever all of a sudden. The iguana completely misses you.
The orc wizard zaps a wand.
Some rock shatters into small pieces.
Casting: Shroud of Golubria (safe; 19% risk of failure)
Confirm with . or Enter, or press ? or * to list all spells.
Okay, then.
Unknown command.
Casting: Shroud of Golubria (safe; 19% risk of failure)
Confirm with . or Enter, or press ? or * to list all spells.
You feel a surge of power!
You begin infusing your attacks with magical energy.
The orc wizard zaps a wand.
Some rock shatters into small pieces.
The now-empty wand crumbles to dust.
The iguana bites you!
* * * LOW HITPOINT WARNING * * *
You barely miss the iguana.
The iguana is almost dead.
The iguana bites you!
You die...

...+...............>#.###
...#...#########.##..#
..... #.##..# ......
#.#.##.# ......# #..## .#
####### ##..# .# ##go# .#
#..l# .# # #@# .# # #.# #
# #.# # #). ######### #.#
#.......# .). '...<...#
#...# #.......# ##..#
######### #..#


You could see an iguana, an orc wizard (fast) and a gnoll.

Vanquished Creatures
  A howler monkey (D:2)
  A worker ant (D:4)
  6 gnolls
  5 adders
  An adder skeleton (D:4)
  2 worms
  A dart slug (D:2)
  9 orcs
  A ball python (D:3)
  3 bat zombies (D:2)
  3 giant cockroaches
  9 goblins
  6 hobgoblins
  5 jackals
  4 quokkas
  3 bats
  3 frilled lizards
  4 kobolds
  A leopard gecko skeleton (D:4)
  5 rats
  2 rat zombies (D:2)
75 creatures vanquished.

Notes
Turn   | Place    | Note
-------+----------+-------------------------------------------
     0 | D:1      | conein the Barachi Skald began the quest for the Orb.
     0 | D:1      | Reached XP level 1. HP: 17/17 MP: 3/3
   223 | D:1      | Reached XP level 2. HP: 19/23 MP: 1/5
   413 | D:1      | Learned a level 2 spell: Shroud of Golubria
   416 | D:1      | Learned a level 2 spell: Song of Slaying
   687 | D:1      | Reached XP level 3. HP: 27/28 MP: 6/6
  1556 | D:2      | Found an iron altar of Okawaru.
  1688 | D:2      | Reached XP level 4. HP: 24/35 MP: 0/7
  2009 | D:2      | Found an ancient bone altar of Kikubaaqudgha.
  2321 | D:3      | Reached XP level 5. HP: 19/41 MP: 5/8
  2500 | D:3      | Found a shimmering blue altar of Sif Muna.
  2983 | D:3      | Found a glowing golden altar of the Shining One.
  2984 | D:3      | Noticed an angel
  3098 | D:3      | Found a runed translucent door.
  3168 | D:3      | Noticed coffeespoons's ghost (amateur MfVM)
  3448 | D:3      | Found a basalt altar of Yredelemnul.
  3449 | D:3      | Noticed a profane servitor
  4330 | D:4      | Found Roxokk's Jewellery Boutique.
  4545 | D:4      | Reached XP level 6. HP: 43/48 MP: 4/9
  4603 | D:4      | Slain by an iguana

Illustrated notes

Levels and vault maps discovered:
D:1:      lightli_arrival_noodles, layout_basic, kennysheep_pointless_box
D:2:      layout_loops_ring, nicolae_overflow_crystal_walls,
          lemuel_zombie_altar_kikubaaqudgha
D:3:      layout_rooms, grunt_temple_overflow_holy_war, old_standard_altar,
          ebering_ghost_reflecting_pool
D:4:      layout_basic, serial_shops, kennysheep_mini_moat, shop, shop_statue,
          nicolae_shop_competitors_out_of_business, shop

Skill      XL: |  1  2  3  4  5  6 |
---------------+-------------------+-----
Long Blades    | 3 4 |  4.2
Charms         | 4 |  4.5
Fighting       | 3 4 |  4.0
Dodging        | 3 |  3.8
Armour         | |  1.2
Spellcasting   | |  2.7

Action                   |  1- 3 |  4- 6 || total
-------------------------+-------+-------++-------
Melee: Falchion          |   109 |   154 ||   263
 Cast: Infusion          |    18 |    18 ||    36
       Shroud of Golubri |     2 |     6 ||     8
       Song of Slaying   |       |     4 ||     4
 Abil: Hop               |       |     2 ||     2
  Use: Scroll            |       |     5 ||     5
       Potion            |       |     3 ||     3
  Eat: Chunk             |     3 |    11 ||    14
Armor: Leather armour    |    25 |    33 ||    58
Dodge: Dodged            |    68 |   139 ||   207
       Rpst.: Falchion   |    17 |    42 ||    59

Table legend:
 A = Non-vault XP
 B = Vault XP
 C = Vault XP percentage of total XP
 D = Non-vault monster count
 E = Vault monster count
 F = Vault count percentage of total count
                 A         B        C        D         E       F
            +---------+---------+-------+---------+---------+-------
      Total |     360 |       8 |   2.2 |      70 |       5 |   6.7
            +---------+---------+-------+---------+---------+-------
        D:1 |      40 |       0 |   0.0 |      17 |       0 |   0.0
        D:2 |      99 |       8 |   7.5 |      16 |       5 |  23.8
        D:3 |      67 |       0 |   0.0 |      20 |       0 |   0.0
        D:4 |     154 |       0 |   0.0 |      17 |       0 |   0.0
            +---------+---------+-------+---------+---------+-------
